Unix NetHack Version 3.7.0-90 Work-in-progress - last build Dec 4 2023 15:25:40 (a4ad6ea61a8c493010e15c9251bbb19a34919cb7,branch:master). Game began 2023-12-04 20:36:28, ended 2024-04-09 20:47:40. DoktorL, lawful female dwarven Valkyrie }}}}} }}}} }}}} }}}}}}}}}}}}}}}}}}}}}}}}}}}}}}}}}}}} }}}}} ---}}}}} }}}} ....}}}..}}}}}}}}}}}}}}}}}}}}}}}...( }}}}}| ..}}}}}}} #....}}}}...- -.p}}}}}}S}}}}}}}}}.....- }}}... |}}}}...r..}}}}}}}.}}| .@.}}...}}}}}}}....}}}}| }}}}}.----}}}}}}}}.}}}}}}}}}}}| .|}}}}.....}}}}}}}}}}}}| }}}}...}}}}}..}}}}}}}}}}}}}.......|}}}}}}.%....}}}}}}}}}| }}}}}.}}}}......}}}}}}}.....}}-----}}}....}}}N...}}}}}- }}}}}}}.#....}}}}}}}}....}}}}}}}}}}}}}}}}}}}}..}}}}}}}| | | }}..}}....}}}}}}}}}}}}}}}}}}}}}}W..}}}}}}}}}}}}}}..}}}}}}}#....+ }}}.....}}}}}}}}}}}}}}}}}%^.}}}}}...}}}H...}}}}}}....}| }}}}}}}}}}}}}}}}}}}}}}}}---....}}}}...#.}}}}}}}}}}....--- }}}}}}}}}}}}}}.}}}}}}}}}|%!..?}}}}}}}....}}}}}}}}}.}}}}}| }}}}...}}}}......}}}}}}}| |.}}}}}}}}}}}}}E}}}}}}}}}}}}.| }}}}}.<..}}}}}}....}}}}}| -}}}}}}}}}}---.(}}}}}}}}}}...| }}}}}}..}}}}}}...}}}}}}...}}}}}}}}}}}}| |}}}}}}}}}...h- ---------- }}} }}}}}....}}}}.}...}..}}}}}}}}}}}}}}... |.}}}}}.w.#..............}}}}}}}}} }}}}...}}}}}}}}}.......}}}}}}}}}}}}}}.|.......}}}}}...}...}}}}....}}}}}}}}}} }}}}}}}}}}..}}}...#..}}}}}}..}}}}}}}}.-- -}}}}}}}}}}.}}}}}}}}}}..}}}}}}}}}} }}}}}}}}...}}}..}}}.}}}}}}}....}}}}}}}...}}}}}}}}}S}}}}}}}}}}}}}...}}}}}}}}} }}}}}}.=.}}}}}}}}}}}}}}}}}}}....}}}}}}.}}}}}}}}}}}}}}}}}}}}}}}}}}}}}}}}}}}}} }}}}}}}}}}}}}}}}}}}}}}}}}}}}}}}}}}}}}}}}}}}}}}}}}}}}}}}}}}}}}}}}}}}}}}}}}}}} DoktorL the Woman-at-arms St:18/10 Dx:14 Co:23 In:9 Wi:9 Ch:8 Lawful S:60013 Dlvl:24 $:158 HP:97(128) Pw:13(13) AC:0 Xp:11/18455 T:14116 Latest messages: You can see again. Pick an object. You see here an ebony wand. What do you want to take off? [hFHYZ or ?*] You finish taking off your boots. You float gently to the floor. J - an ebony wand. What do you want to write with? [- abfgnqu-wBJQ-SV or ?*] You write in the dust with your fingertip. What do you want to write in the dust here? xx What do you want to write with? [- abfgnqu-wBJQ-SV or ?*] You may wish for an object. For what do you wish? 2 holy charging K - a scroll labeled HAPAX LEGOMENON. Do you want to add to the current engraving? [ynq] (y) You add to the writing in the dust with a wand of wishing. What do you want to add to the writing in the dust here? The wand of wishing glows, then fades. Really save? [yn] (n) Saving... Restoring save file... Velkommen DoktorL, the dwarven Valkyrie, welcome back to NetHack! Be careful! New moon tonight. Something is written here in the dust. You read: "xx". # Really quit? [yn] (n) Do you want your possessions identified? [ynq] (y) Inventory: Coins $ - 158 gold pieces Weapons u - a +1 dwarvish spear S - 4 +0 orcish daggers a - the blessed rustproof +5 Excalibur (weapon in right hand) v - the rustproof +0 Mjollnir Armor Y - an uncursed +0 dwarvish iron helm (being worn) F - an uncursed +0 pair of leather gloves (being worn) U - an uncursed +0 pair of high boots h - an uncursed +0 pair of levitation boots Z - a blessed +0 shield of reflection (being worn) H - an uncursed thoroughly rotted +0 dwarvish cloak (being worn) o - an uncursed +0 elven mithril-coat (being worn) Comestibles L - an uncursed lizard corpse Scrolls K - a blessed scroll of charging Rings f - an uncursed ring of conflict B - an uncursed ring of conflict w - a blessed +4 ring of gain constitution (on left hand) b - a cursed -3 ring of gain strength g - an uncursed ring of polymorph control (on right hand) Wands n - a wand of cancellation (0:2) q - a wand of sleep (0:2) R - a wand of teleportation (0:5) J - a blessed wand of wishing (0:0) Tools t - a blessed bag of holding containing 45 items z - an uncursed bugle l - an uncursed brass lantern X - an uncursed brass lantern A - an expensive camera (0:56) d - a rusty +0 pick-axe s - an uncursed skeleton key V - an uncursed towel e - a +0 unicorn horn Gems/Stones Q - 2 uncursed amethyst stones Contents of the bag of holding: 1849 gold pieces a cursed amulet of restful sleep an uncursed cream pie 6 uncursed food rations an uncursed pear an uncursed tin of dwarf meat an uncursed scroll of confuse monster an uncursed scroll of identify an uncursed scroll of blank paper an uncursed scroll of genocide 2 uncursed scrolls of earth 2 blessed scrolls of enchant weapon an uncursed scroll of magic mapping an uncursed scroll of enchant armor 3 uncursed scrolls of light 2 uncursed scrolls of destroy armor an uncursed scroll of gold detection an uncursed scroll of taming an uncursed scroll of remove curse 4 uncursed scrolls of teleportation an uncursed potion of object detection a blessed potion of invisibility an uncursed potion of full healing a blessed potion of gain ability an uncursed potion of paralysis 3 uncursed potions of levitation a cursed potion of levitation an uncursed potion of booze an uncursed potion of fruit juice a potion of holy water a cursed potion of extra healing a wand of undead turning (0:5) a wand of polymorph (0:5) a wand of fire (0:4) a wand of light (0:11) a wand of light (0:12) a wand of light (0:11) a wand of lightning (0:6) a wand of lightning (0:7) a cursed wand of magic missile (0:4) a wand of make invisible (0:1) a wand of secret door detection (0:14) a wand of striking named strike (0:4) a cursed wand of striking (0:4) a wand of teleportation (0:6) DoktorL the Valkyrie's attributes: Background: You were a Woman-at-arms, a level 11 dwarven Valkyrie. You were lawful, on a mission for Tyr who was opposed by Odin (neutral) and Loki (chaotic). You were right-handed. You were in the Dungeons of Doom, on level 24. You entered the dungeon 14116 turns ago. There was a new moon in effect when your adventure ended. You had 18455 experience points, 1545 more were needed to attain level 12. Your score was 60013 before end-of-game adjustments. Basics: You had 97 out of 128 hit points. You had all 13 energy points (spell power). Your armor class was 0. Your wallet contained 158 zorkmids, and you had 1849 more stashed away in your pack. Autopickup was on for '$"?!/=' plus thrown, with exceptions. Final Characteristics: Your strength was 18/10 (limit:18/100). Your dexterity was 14 (limit:20). Your constitution was 23 (base:19, innate limit:20). Your intelligence was 9 (limit:16). Your wisdom was 9 (limit:16). Your charisma was 8 (limit:16). Final Status: You weren't hungry. You were unencumbered. You were wielding a long sword. You were skilled in long sword. Final Attributes: You were piously aligned. You were fire resistant. You were cold resistant. You were poison resistant. You were level-drain resistant. You saw invisible. You were telepathic. You had automatic searching. You had infravision. You were invisible to others. You were stealthy. You were guarded. You had polymorph control. You were fast. You had reflection. You survived. Miscellaneous: You disabled loading of bones levels. Total elapsed playing time was 59 minutes and 36 seconds. Major events: Turn 1: DoktorL the lawful dwarven Valkyrie entered the dungeon 294: entered the Gnomish Mines 585: attained the rank of Skirmisher (level 3) 2103: reached Mine Town 3303: attained the rank of Fighter (level 6) 4966: was bestowed with Mjollnir by Tyr 8077: entered Sokoban 8566: completed 2nd Sokoban level 9221: completed 3rd Sokoban level 10027: completed 4th Sokoban level 10066: attained the rank of Woman-at-arms (level 10) 10299: acquired the Sokoban bag of holding 12070: signified by divine providence, was chosen to carry Excalibur 12471: entered the Bigroom 14115: made her first wish - "2 holy charging", got "a scroll labeled HAPAX LEGOMENON" 14116: quit Vanquished creatures: a captain 2 giant mimics a zruty a stalker a fire elemental 2 water elementals a xorn 2 sergeants 3 water demons 3 wargs 2 small mimics 2 xans 3 quantum mechanics 2 wood golems a freezing sphere 2 shocking spheres a tengu 3 ochre jellies 2 human mummies a red naga a wraith 2 Grey-elves 18 soldiers an amorous demon a chameleon 2 giant beetles a quivering blob 2 cockatrices 2 wolves 2 panthers a gremlin a leprechaun 2 orc-captains an iron piercer 3 giant spiders a scorpion a horse 2 black lights a forest centaur a dwarf mummy 8 brown puddings 2 owlbears a yeti 2 gold golems a Green-elf 2 giant eels 2 lizards 2 dingoes a dog a housecat 2 jaguars a blue jelly 2 black unicorns a dust vortex 2 ravens a plains centaur 4 snakes 2 water moccasins 4 apes 5 soldier ants a fire ant a bugbear 3 imps a wood nymph a water nymph 11 Mordor orcs 4 Uruk-hai 2 orc shamans 7 rock piercers a rock mole a pony 2 fog clouds 5 yellow lights 2 shriekers a violet fungus a kobold mummy a golden naga hatchling 2 gray oozes 2 barrow wights 2 elf zombies a ghoul 4 straw golems a jellyfish 8 giant ants 4 little dogs 4 floating eyes 5 kittens 7 dwarves a homunculus a kobold leader a kobold shaman 7 hill orcs 17 rothes 2 centipedes 3 giant bats 2 dwarf zombies a wererat a werejackal 6 iguanas a killer bee 4 acid blobs a gas spore a hobbit 5 manes a hobgoblin 5 giant rats 7 cave spiders a yellow mold 2 red molds 11 gnomes a garter snake 8 geckos 7 jackals 2 foxes a kobold 3 goblins a sewer rat 6 grid bugs a bat 10 lichens 2 kobold zombies 12 newts 348 creatures vanquished. No species were genocided or became extinct. Voluntary challenges: You read items or engraved 19 times. You engraved Elbereth 3 times. You never had a pet. You never genocided any monsters. You never polymorphed an object. You never changed form. You used 1 wish. You did not wish for any artifacts. You violated the special Sokoban rules once. Achievements: You entered the Gnomish Mines. You attained the rank of Skirmisher. You entered Minetown. You entered a temple. You attained the rank of Fighter. You entered a shop. You entered Sokoban. You attained the rank of Woman-at-arms. You completed Sokoban. You entered the Big Room. The Dungeons of Doom: levels 1 to 24 Level 1: Level 2: "STASH" Stairs down to The Gnomish Mines. Level 3: Level 4: Level 5: Level 6: A fountain, a grave. Level 7: A general store, a fountain. Level 8: Many fountains. Oracle of Delphi. Level 9: Stairs up to Sokoban, level 8. Level 10: "W" A throne, a fountain. Level 11: A very big room. Level 12: A grave. Level 13: Level 14: Summoned by the Norn. Portal to The Quest. Level 15: Level 16: Level 17: A sink. Level 18: A primitive area. Level 19: "WWWWWW" Level 20: Level 21: Level 22: Level 23: A general store, a fountain. Level 24: <- You were here. Many trees. The Gnomish Mines: levels 3 to 9 Level 3: Level 4: Level 5: Many shops, a temple and an altar to Tyr, some fountains. Level 6: Level 7: Level 8: Level 9: The Quest: Level 1: A fountain. Home. Sokoban: levels 8 up to 5 Level 5: Solved. Level 6: Solved. Level 7: Solved. Level 8: Unsolved. Farvel DoktorL the Valkyrie... You quit in The Dungeons of Doom on dungeon level 24 with 60013 points, and 2007 pieces of gold, after 14116 moves. You were level 11 with a maximum of 128 hit points when you quit.